 Dungeon Crawl Stone Soup version 0.25-a0-558-g78a2afb0af (webtiles) character file.

Game seed: 11213020342350588347, levelgen mode: classic

52651 EnegeticOcto the Cleaver (level 14, 0/136 HPs)
             Began as a Deep Dwarf Fighter on Feb 24, 2020.
             Was the Champion of Makhleb.
             Slain by a spark wasp (14 damage)
             ... on level 2 of the Spider Nest.
             The game lasted 00:10:49 (10543 turns).

EnegeticOcto the Cleaver (Deep Dwarf Fighter)      Turns: 10543, Time: 00:10:50

Health: 0/136      AC: 24    Str: 29      XL:     14   Next: 27%
Magic:  9/9        EV: 10    Int:  8      God:    Makhleb [******]
Gold:   723        SH: 22    Dex: 10 (12) Spells: 13/13 levels left

rFire    . . .     SeeInvis .   a - +2 broad axe (elec)
rCold    + + .     Gourm    .   E - +3 tower shield {AC+3}
rNeg     + . .     Faith    .   o - +2 plate armour {rC+}
rPois    +         Spirit   .   D - +1 hat {MR+}
rElec    .         Reflect  .   (no cloak)
rCorr    .         Harm     .   y - +2 pair of gloves
MR       +++..                  (no boots)
Stlth    ..........             K - amulet of the acrobat
HPRegen  0.00/turn              p - +3 ring of strength
MPRegen  0.11/turn              B - ring of poison resistance

@: non-regenerating
A: damage resistance, heal wounds, horns 1, repulsion field 1, cold resistance
1, deterioration 1, negative energy resistance 1, sense surroundings 2,
MP-powered wands, no regeneration
a: Heal Wounds, Minor Destruction, Lesser Servant of Makhleb, Major Destruction,
Greater Servant of Makhleb, Renounce Religion


You were on level 2 of the Spider Nest.
You worshipped Makhleb.
Makhleb was exalted by your worship.
You were full.

You visited 5 branches of the dungeon, and saw 22 of its levels.
You also visited: Ossuary.

You collected 3639 gold pieces.
You spent 2916 gold pieces at shops.

Inventory:

Hand Weapons
 a - a +2 broad axe of electrocution (weapon)
 b - a +2 broad axe
 q - a +2 spear of distortion
Armour
 o - a +2 plate armour of cold resistance (worn)
 y - a +2 pair of gloves (worn)
 D - a +1 hat of magic resistance (worn)
 E - a +3 tower shield of protection (worn)
Jewellery
 p - a +3 ring of strength (left hand)
 B - a ring of poison resistance (right hand)
 K - an amulet of the acrobat (around neck)
Wands
 c - a wand of iceblast (13)
 h - a wand of flame (14)
 u - a wand of polymorph (9)
 z - a wand of paralysis (7)
 A - a wand of acid (20) {@v1}
Scrolls
 f - 8 scrolls of teleportation {@r2}
 i - 4 scrolls of magic mapping {@r5}
 r - 2 scrolls of fear
 s - 4 scrolls of identify {@r1}
 x - 6 scrolls of remove curse {@r6}
 F - 2 scrolls of summoning
 G - a scroll of fog
 H - a scroll of immolation {@r4}
Potions
 d - 13 potions of curing {@q1}
 g - 4 potions of flight
 j - 3 potions of stabbing {@q5}
 k - 3 potions of might {@q3}
 l - 6 potions of cancellation
 m - 3 potions of resistance {@q6}
 n - 5 potions of haste {@q4}
 t - a potion of ambrosia
 v - 2 potions of magic
 w - 3 potions of heal wounds {@q2}
 C - a potion of invisibility
 L - a potion of lignification {unknown}
Comestibles
 e - 26 rations


   Skills:
 * Level 11.7 Fighting
 * Level 13.3 Axes
 + Level 10.3 Armour
 - Level 8.7 Dodging
 * Level 11.0 Shields
 * Level 13.1 Invocations


You had 13 spell levels left.
You didn't know any spells.
Your spell library was empty.

Dungeon Overview and Level Annotations

Branches:
Dungeon (13/15)            Temple (1/1) D:7            Lair (4/6) D:11
  Swamp (0/4) Lair:4       Spider (2/4) Lair:4          Orc (2/2) D:9
    Elf (0/3) Orc:2       Ossuary (visited)
 Vaults: D:13-14

Altars:
Ashenzari
Cheibriados
Dithmenos
Elyvilon
Fedhas
Gozag
Hepliaklqana
Kikubaaqudgha
Makhleb
Nemelex Xobeh
Okawaru
Qazlal
Ru
Sif Muna
Trog
Uskayaw
Vehumet
Wu Jian
Xom
Yredelemnul
Zin
The Shining One
Beogh

Shops:
D:6 (   D:8 (([}   Orc:1 !   Orc:2 ??!**!

Annotations:
D:5 Prince Ribbit
D:11 exclusion: door
Lair:2 exclusion: ice statue
Spider:1 1 runed translucent door


Innate Abilities, Weirdness & Mutations

You are resistant to damage.
You can heal yourself by infusing magical energy.
You resist negative energy. (rN+)
You passively map the area around you.
You do not regenerate.
You have a pair of small horns on your head.
You are surrounded by a mild repulsion field. (EV +2)
Your flesh is cold resistant. (rC+)
Your body sometimes deteriorates upon taking damage.
You expend magic power (3 MP) to strengthen your wands.


Message History

The demonic crawler is heavily wounded.
You slash the demonic crawler! You closely miss the spark wasp.
The spark wasp stings you but does no damage.
You block the demonic crawler's attack.
The demonic crawler hits you but does no damage.
You block the demonic crawler's attack. x2
The demonic crawler hits you but does no damage.
You block the demonic crawler's attack. The spark wasp closely misses you.
You slash the demonic crawler!
You headbutt the demonic crawler, but do no damage.
The demonic crawler is severely wounded.
You slash the demonic crawler! You slash the spark wasp!
You block the spark wasp's attack. You block the demonic crawler's attack.
The demonic crawler hits you but does no damage.
You block the demonic crawler's attack.
The demonic crawler hits you but does no damage.
The demonic crawler closely misses you. x2; The spark wasp stings you!
The spark wasp shocks you!
The demonic crawler hits you but does no damage.
The demonic crawler closely misses you. The demonic crawler barely misses you.
The demonic crawler hits you but does no damage.
You block the demonic crawler's attack.
The demonic crawler hits you but does no damage.
You are too injured to fight recklessly!
You are too injured to fight recklessly!
You are too injured to fight recklessly!
You are too injured to fight recklessly!
You are too injured to fight recklessly!
You are too injured to fight recklessly!
You are too injured to fight recklessly!
You are too injured to fight recklessly!
You feel much better.
The spark wasp stings you but does no damage.
You block the demonic crawler's attack. x3
The demonic crawler hits you but does no damage. x3
A demon appears!
You block the spark wasp's attack.
You block the demonic crawler's attack. x2
The demonic crawler closely misses you. x2
The demonic crawler barely misses you.
The demonic crawler hits you but does no damage.
The spark wasp stings you!! The spark wasp shocks you!
* * * LOW HITPOINT WARNING * * *
You feel much better.
You block the demonic crawler's attack. x3
The demonic crawler hits you but does no damage.
You block the demonic crawler's attack. The demonic crawler barely misses you.
The spark wasp stings you. The spark wasp shocks you!
You block the demonic crawler's attack.
The demonic crawler hits you but does no damage.
The demonic crawler completely misses you.
Your ynoxinul hits the demonic crawler!
You are too injured to fight recklessly!
You are too injured to fight recklessly!
You are too injured to fight recklessly!
You are too injured to fight recklessly!
You are too injured to fight recklessly!
You are too injured to fight recklessly!
You are too injured to fight recklessly!
You are too injured to fight recklessly!
You are too injured to fight recklessly!
You hit the spark wasp.
The spark wasp is moderately wounded.
Your plate armour prevents you from hitting the demonic crawler.
You closely miss the demonic crawler.
You block the demonic crawler's attack. x2
The demonic crawler closely misses you. The spark wasp stings you.
The spark wasp shocks you!
* * * LOW HITPOINT WARNING * * *
The demonic crawler misses you. You block the demonic crawler's attack.
The demonic crawler hits you. The spark wasp stings you.
* * * LOW HITPOINT WARNING * * *
The spark wasp shocks you!
* * * LOW HITPOINT WARNING * * *
The demonic crawler misses you.
You block the demonic crawler's attack. x2
Your ynoxinul gestures.
You feel much better. You block the spark wasp's attack.
You block the demonic crawler's attack. The demonic crawler hits you.
The demonic crawler hits you but does no damage. x2
The demonic crawler barely misses you.
The demonic crawler hits you but does no damage.
Your ufetubus hits the demonic crawler but does no damage. x2
Your ynoxinul gestures at the demonic crawler.
The iron shot hits the demonic crawler.
You slice the spark wasp!!
The spark wasp is severely wounded.
You slash the demonic crawler! You hit the demonic crawler.
The spark wasp stings you!
* * * LOW HITPOINT WARNING * * *
The spark wasp shocks you!
* * * LOW HITPOINT WARNING * * *
Your ufetubus closely misses the demonic crawler.
Your ufetubus barely misses the demonic crawler. x2
Your ufetubus hits the demonic crawler but does no damage.
You block the demonic crawler's attack. x2
The demonic crawler hits you but does no damage.
The demonic crawler closely misses your ufetubus.
The demonic crawler hits your ufetubus!
Your ufetubus dies!
The spark wasp stings you!
* * * LOW HITPOINT WARNING * * *
The spark wasp shocks you!
You die...

#<.##*#..###.#
* .#
#####.^.##...#
** #.. *
....###..# #.#*
* ,, ####.
#..## #.#* *
#.##...#####.#
* *
#..........^.#
,
#.####.......##
, ***
###.^sy### ,, ,
###@5..# *
#s....... * ,
*#3....### * *
* *****
*........#* , *
* , .........,
, *,,
,,,,..........
, , ,
.......... , ,
, ...........,
, , ,


You could see a spark wasp, 2 demonic crawlers, a friendly ynoxinul and a
friendly ufetubus.

Vanquished Creatures
  Rupert (Orc:1)
  Gastronok (Lair:1)
  Erolcha (D:9)
  A hydra (Lair:2)
  6 death yaks (Lair:3)
  Erica (D:8)
  2 tengu warriors (D:13)
  3 two-headed ogres
  Nergalle (Lair:3)
  3 orc high priests (Orc:2)
  2 unseen horrors
  6 orc knights
  3 wolf spiders
  4 orc sorcerers (Orc:2)
  2 cyclopes
  An ugly thing (D:11)
  A black mamba (Lair:2)
  Joseph (D:8)
  2 torpor snails
  A gargoyle (D:10)
  4 spiny frogs
  A rime drake (Lair:2)
  2 komodo dragons
  A demonic crawler (Spider:1)
  A freezing wraith (Lair:2)
  3 polar bears
  7 trolls
  8 jumping spiders
  Grinder (D:6)
  2 hornets
  5 hippogriffs
  8 slime creatures
  2 redbacks (Lair:4)
  3 wyverns
  23 yaks
  4 fire bats (D:11)
  2 hungry ghosts (D:11)
  2 wraiths (D:12)
  6 vampire mosquitoes (Lair:4)
  3 basilisks
  A steam dragon (Lair:3)
  Menkaure (D:6)
  A warg (Orc:2)
  5 water moccasins
  Duvessa (D:7)
  6 porcupines
  A hell hound (D:11)
  9 ice beasts
  2 sky beasts
  A black bear (D:10)
  22 orc warriors
  14 ogres
  2 phantoms
  5 centaurs
  7 wolves (Lair:4)
  A necrophage (D:11)
  9 crocodiles
  11 bullfrogs
  3 big kobolds
  6 gnoll sergeants
  2 wyvern zombies
  A water moccasin zombie (Ossuary)
  Dowan (D:7)
  3 scorpions
  23 killer bees
  An electric eel (Lair:4)
  5 howler monkeys
  A bullfrog zombie (D:5)
  2 centaur zombies
  7 crimson imps
  4 hounds
  A bullfrog skeleton (D:5)
  2 jellies
  A centaur skeleton (D:10)
  22 orc priests
  27 orc wizards
  3 iguanas
  8 worker ants
  A hound zombie (Ossuary)
  3 hound skeletons
  18 mummies (Ossuary)
  3 howler monkey zombies
  2 worker ant zombies (Ossuary)
  10 gnolls
  A howler monkey skeleton (D:11)
  11 adders
  4 shadow imps
  3 white imps (Lair:2)
  3 adder zombies
  2 adder skeletons
  2 worms
  A dart slug (D:1)
  5 leopard geckos
  83 orcs
  4 bats
  5 giant cockroaches
  4 goblins
  3 hobgoblins
  2 jackals (D:3)
  6 quokkas
  5 frilled lizards
  A giant cockroach zombie (Ossuary)
  A jackal zombie (Ossuary)
  11 kobolds
  A leopard gecko skeleton (D:4)
  4 quokka skeletons
  5 rats
  A spectral orc (D:6)
  2 fungi
  A plant (D:8)
561 creatures vanquished.

Vanquished Creatures (collateral kills)
  An orc wizard (Orc:2)
  3 orc priests (Orc:2)
4 creatures vanquished.

Vanquished Creatures (others)
  An orc (Orc:2)
  2 fungi (Lair:3)
  A withered plant (Ossuary)
4 creatures vanquished.

Grand Total: 569 creatures vanquished

Notes
Turn   | Place    | Note
-------+----------+-------------------------------------------
     0 | D:1      | EnegeticOcto the Deep Dwarf Fighter began the quest for the
                  | Orb.
     0 | D:1      | Reached XP level 1. HP: 20/20 MP: 1/1
    65 | D:1      | Reached XP level 2. HP: 27/27 MP: 2/2
   319 | D:2      | Reached XP level 3. HP: 32/34 MP: 3/3
   458 | D:3      | Reached skill level 1 in Dodging
   593 | D:3      | Reached XP level 4. HP: 37/42 MP: 4/4
   854 | D:4      | Reached XP level 5. HP: 31/50 MP: 5/5
   934 | D:4      | Got a bloodstained scale mail
   945 | D:4      | Identified the +3 scale mail "Naugifeg" {Str+4 Int+7} (You
                  | found it on level 4 of the Dungeon)
   993 | D:4      | Noticed an ogre
  1011 | D:4      | Killed an ogre
  1011 | D:4      | Reached XP level 6. HP: 54/57 MP: 3/3
  1062 | D:4      | Found a shimmering blue altar of Sif Muna.
  1452 | D:5      | Entered Level 5 of the Dungeon
  1537 | D:5      | Found a shimmering altar of Xom.
  1566 | D:5      | Reached XP level 7. HP: 41/66 MP: 4/4
  1825 | D:5      | Noticed Prince Ribbit
  1870 | D:5      | Found a sparkling altar of Nemelex Xobeh.
  1872 | D:5      | Reached skill level 5 in Axes
  1910 | D:5      | Reached skill level 5 in Fighting
  2095 | D:6      | Reached skill level 5 in Shields
  2118 | D:6      | Found a sand-covered staircase.
  2165 | Ossuary  | Entered an ossuary
  2177 | Ossuary  | Reached XP level 8. HP: 58/74 MP: 2/2
  2186 | Ossuary  | Reached skill level 5 in Armour
  2452 | D:6      | Noticed Menkaure
  2465 | D:6      | Killed Menkaure
  2521 | D:6      | Found a radiant altar of Vehumet.
  2661 | D:6      | Gained mutation: You passively map the area around you.
                  | [Deep Dwarf growth]
  2661 | D:6      | Reached XP level 9. HP: 72/84 MP: 1/1
  2690 | D:6      | Found a basalt altar of Yredelemnul.
  2745 | D:6      | Noticed Grinder
  2760 | D:6      | Killed Grinder
  3050 | D:6      | Found Obyosed's Weapon Boutique.
  3053 | D:6      | Bought a +0 broad axe of electrocution for 144 gold pieces
  3131 | D:7      | Reached skill level 5 in Dodging
  3193 | D:7      | Found a blossoming altar of Fedhas.
  3214 | D:7      | Found an iron altar of Okawaru.
  3386 | D:7      | Noticed Dowan
  3386 | D:7      | Noticed Duvessa
  3403 | D:7      | Killed Duvessa
  3412 | D:7      | Killed Dowan
  3441 | D:7      | Found a staircase to the Ecumenical Temple.
  3451 | Temple   | Entered the Ecumenical Temple
  3495 | Temple   | Became a worshipper of Makhleb the Destroyer
  3570 | D:8      | Noticed Joseph
  3572 | D:8      | Found Toaff's Antique Armour Shop.
  3584 | D:8      | Killed Joseph
  3584 | D:8      | Reached skill level 1 in Invocations
  3663 | D:8      | Found an opulent altar of Gozag.
  3666 | D:8      | Found a shattered altar of Ashenzari.
  3703 | D:8      | Found a hide-covered altar of Uskayaw.
  3717 | D:8      | Found a snail-covered altar of Cheibriados.
  3722 | D:8      | Noticed a two-headed ogre
  3734 | D:8      | Killed a two-headed ogre
  3734 | D:8      | Reached XP level 10. HP: 68/94 MP: 4/4
  3743 | D:8      | Found Zitahos's Antique Weapon Emporium.
  3747 | D:8      | Noticed Erica
  3756 | D:8      | Killed Erica
  3805 | D:8      | Found Cylub's Gadget Shoppe.
  3868 | D:8      | Found Sed Otsi's Antique Weapon Shoppe.
  4027 | D:8      | Reached * piety under Makhleb
  4033 | D:8      | Reached skill level 5 in Invocations
  4111 | D:8      | Found an ancient bone altar of Kikubaaqudgha.
  4147 | D:8      | Identified a scroll of acquirement
  4147 | D:8      | Identified the +0 executioner's axe of the Ass {vorpal,
                  | *Contam rElec MR+++ Str-4} (You acquired it on level 8 of
                  | the Dungeon)
  4161 | D:8      | Gained mutation: You expend magic power (3 MP) to
                  | strengthen your wands. [potion of mutation]
  4161 | D:8      | Gained mutation: Your flesh is cold resistant. (rC+)
                  | [potion of mutation]
  4161 | D:8      | Gained mutation: You are surrounded by a mild repulsion
                  | field. (EV +2) [potion of mutation]
  4161 | D:8      | Gained mutation: You have a pair of small horns on your
                  | head. [potion of mutation]
  4326 | D:8      | Bought a runed plate armour for 650 gold pieces
  4447 | D:9      | Found a staircase to the Orcish Mines.
  4494 | D:9      | Reached ** piety under Makhleb
  4571 | D:9      | Reached XP level 11. HP: 62/104 MP: 6/6
  4784 | D:9      | Reached skill level 10 in Axes
  4810 | D:9      | Noticed Erolcha
  4819 | D:9      | Killed Erolcha
  4967 | D:10     | Entered Level 10 of the Dungeon
  5162 | D:10     | Reached *** piety under Makhleb
  5352 | D:10     | Killed an unseen horror
  5544 | D:11     | Noticed a brown ugly thing
  5557 | D:11     | Killed a brown ugly thing
  5664 | D:11     | Found a staircase to the Lair.
  5702 | D:11     | Reached **** piety under Makhleb
  5814 | D:11     | Killed an unseen horror
  6016 | D:11     | Reached XP level 12. HP: 115/115 MP: 8/8
  6086 | Lair:1   | Entered Level 1 of the Lair of Beasts
  6278 | Lair:1   | Noticed Gastronok
  6295 | Lair:1   | Killed Gastronok
  6419 | Orc:1    | Entered Level 1 of the Orcish Mines
  6445 | Orc:1    | Reached skill level 10 in Fighting
  6502 | Orc:1    | Found Poaruqaru's Distillery.
  6511 | Orc:1    | Bought 2 potions of haste for 300 gold pieces
  6511 | Orc:1    | Bought a potion of resistance for 150 gold pieces
  6574 | Orc:1    | Found a roughly hewn altar of Beogh.
  6666 | Orc:2    | Entered Level 2 of the Orcish Mines
  6666 | Orc:2    | Noticed Rupert
  6686 | Orc:1    | Reached skill level 10 in Invocations
  6712 | Orc:1    | Killed Rupert
  6743 | Orc:2    | Reached ***** piety under Makhleb
  6847 | Orc:2    | Found a staircase to the Elven Halls.
  6949 | Orc:2    | Found Unicy's Distillery.
  7004 | Orc:2    | Found Hasaqa's Humungous Hoard.
  7125 | Orc:2    | Noticed an orc high priest
  7129 | Orc:2    | Noticed an orc high priest
  7132 | Orc:2    | Killed an orc high priest
  7135 | Orc:2    | Reached XP level 13. HP: 88/124 MP: 7/7
  7251 | Orc:2    | Gained mutation: Your body sometimes deteriorates upon
                  | taking damage. [a neqoxec]
  7273 | Orc:2    | Found Ozyselegg's Magic Scroll Shop.
  7273 | Orc:2    | Found Oczuorr's Magic Scroll Emporium.
  7276 | Orc:2    | Found Woapruit's Assorted Antiques.
  7276 | Orc:2    | Found Damatise's Distillery.
  7285 | Orc:2    | Bought a scroll labeled CALEHE DAISCH for 29 gold pieces
  7288 | Orc:2    | Bought a scroll of acquirement for 624 gold pieces
  7288 | Orc:2    | Bought 2 scrolls of summoning for 228 gold pieces
  7288 | Orc:2    | Bought a scroll of fog for 24 gold pieces
  7288 | Orc:2    | Bought a scroll of fear for 42 gold pieces
  7303 | Orc:2    | Bought a potion of cancellation for 96 gold pieces
  7306 | Orc:2    | Bought a scroll of enchant armour for 97 gold pieces
  7306 | Orc:2    | Bought a scroll of magic mapping for 45 gold pieces
  7306 | Orc:2    | Bought a scroll of enchant armour for 97 gold pieces
  7472 | Orc:2    | Bought a potion of invisibility for 120 gold pieces
  7472 | Orc:2    | Bought a potion of cancellation for 120 gold pieces
  7472 | Orc:2    | Bought 2 potions of heal wounds for 150 gold pieces
  8251 | Lair:3   | Reached skill level 10 in Shields
  8488 | Lair:3   | Noticed Nergalle
  8499 | Lair:3   | Killed Nergalle
  8499 | Lair:3   | Reached skill level 10 in Armour
  9093 | Lair:4   | Found a hole to the Spider Nest.
  9139 | Lair:4   | Reached ****** piety under Makhleb
  9307 | Lair:4   | Found a staircase to the Swamp.
  9310 | Lair:4   | Gained mutation: You resist negative energy. (rN+) [Deep
                  | Dwarf growth]
  9310 | Lair:4   | Reached XP level 14. HP: 132/135 MP: 9/9
 10354 | Spider:1 | Entered Level 1 of the Spider Nest
 10408 | Spider:1 | Found a runed translucent door.
 10543 | Spider:2 | Slain by a spark wasp

Levels and vault maps discovered:
D:1:      wander_arrival_desolate, layout_basic, minmay_bisected
D:2:      layout_loops_ring, uniq_jessica
D:3:      layout_loops_ring, uniq_crazy_yiuf_cottage
D:4:      layout_basic, lemuel_blue_sif_altar
D:5:      layout_loops_cross, nemelex_xobeh_ov_fountains_minmay, first_ration,
          minmay_misc_feat_ornament, minmay_misc_feat_more_columns,
          xom_teletrap_fun, uniq_prince_ribbit1
D:6:      layout_basic, overflow_temple_1_default,
          yredelemnul_forgotten_temple_becter, enter_ossuary_1, serial_shops,
          kennysheep_mini, uniq_menkaure, uniq_grinder
D:7:      layout_basic, lemuel_crystal_altar, okawaru_gym_becter,
          minmay_temple_entry_poolview, uniq_duvessa
D:8:      layout_rooms, kennysheep_mini_moat, eat_drink_and_be_merry_uskayaw,
          overflow_temple_1_default, nicolae_overflow_hidden_temple,
          serial_shops, nicolae_shop_statue_plus, shop, shop,
          nicolae_shop_overgrown_old_shop, blue_anna_alchemist
          [blue_anna_fruit_fields, blue_anna_fruit_fields], uniq_joseph,
          uniq_erica
D:9:      layout_roguey, kennysheep_orc_monster_closet_entryway, serial_glass,
          glass_columns_a, glass_columns_a, uniq_erolcha
D:10:     layout_rooms, minmay_misc_feat_five
D:11:     layout_cave_pools, lair_entry_dummy, hangedman_incinerator
D:12:     layout_rooms
D:13:     layout_loops_ring, skrybe_vaults_entry_preservation,
          gammafunk_ghost_stat_death
Temple:   eino_wide_crystal_templ
Lair:1:   layout_regular_city, lemuel_fruit_tree, uniq_gastronok
Lair:2:   layout_loops_ring, ice2_lemuel, grunt_megastairs_1,
          minmay_lair_oklob_chamber
Lair:3:   layout_loops_ring, chequers_serial_rivers_marsh, uniq_nergalle
Lair:4:   layout_gridlike, minmay_swamp_entry_swarm,
          nicolae_spider_entry_tight_spaces, serial_bayou_shore_a,
          infiniplex_staircase_pool_2
Spider:1: cheibrodos_spider_deadly_dance, uniq_roxanne, uniq_frances
Spider:2: layout_chambers
Orc:1:    layout_diamond_mine, nicolae_volcano_entry_vermiform, serial_shops,
          shop, mines2_david
Orc:2:    grunt_orc_tribal_feast, layout_caves, serial_shops, shop,
          nicolae_alphabet_shops, uniq_rupert

Skill      XL: |  1  2  3  4  5  6  7  8  9 10 11 12 13 14 |
---------------+-------------------------------------------+-----
Fighting       | 3 4 5 6 7 8 9 10 11 | 11.7
Dodging        | 1 2 3 4 5 6 7 8 |  8.7
Axes           | 3 4 5 7 8 9 10 12 13 | 13.3
Shields        | 4 5 6 7 8 9 10 11 | 11.0
Armour         | 4 5 6 7 8 9 10 | 10.3
Invocations    | 3 6 9 11 12 13 | 13.1

Action                   |  1- 3 |  4- 6 |  7- 9 | 10-12 | 13-15 || total
-------------------------+-------+-------+-------+-------+-------++-------
Melee: War axe           |    91 |   135 |   268 |       |       ||   494
       Broad axe         |       |       |   121 |   573 |   478 ||  1172
       Headbutt          |       |       |       |   130 |   122 ||   252
Invok: Lesser Servant of |       |       |       |     4 |     2 ||     6
 Abil: Heal Wounds       |     1 |     7 |    11 |    17 |    14 ||    50
  Use: Scroll            |       |     5 |    14 |     9 |     4 ||    32
       Potion            |       |       |     4 |     1 |       ||     5
 Stab: Distracted        |       |       |       |     2 |       ||     2
  Eat: Chunk             |       |     3 |     1 |    13 |    19 ||    36
       Ration            |       |       |     2 |       |     2 ||     4
Armor: Scale mail        |    35 |    65 |   147 |    13 |       ||   260
       Plate armour      |       |       |       |   265 |   248 ||   513
Dodge: Dodged            |    40 |    34 |   186 |   298 |   210 ||   768
Block: Kite shield       |    44 |    71 |   248 |   477 |    57 ||   897
       Tower shield      |       |       |       |       |   544 ||   544

Table legend:
 A = Non-vault XP
 B = Vault XP
 C = Vault XP percentage of total XP
 D = Non-vault monster count
 E = Vault monster count
 F = Vault count percentage of total count
                 A         B        C        D         E       F
            +---------+---------+-------+---------+---------+-------
      Total |   48970 |   26246 |  34.9 |     429 |     133 |  23.7
            +---------+---------+-------+---------+---------+-------
        D:1 |      25 |       3 |  10.7 |      14 |       3 |  17.6
        D:2 |      15 |       0 |   0.0 |       8 |       0 |   0.0
        D:3 |      76 |       0 |   0.0 |      22 |       0 |   0.0
        D:4 |     519 |       0 |   0.0 |      21 |       0 |   0.0
        D:5 |     600 |       0 |   0.0 |      15 |       0 |   0.0
        D:6 |     921 |     450 |  32.8 |      24 |       3 |  11.1
        D:7 |     596 |     223 |  27.2 |      20 |       2 |   9.1
        D:8 |    2504 |    1447 |  36.6 |      28 |       3 |   9.7
        D:9 |    4729 |    2773 |  37.0 |      34 |      21 |  38.2
       D:10 |    3139 |       0 |   0.0 |      33 |       0 |   0.0
       D:11 |    2981 |     914 |  23.5 |      42 |       5 |  10.6
       D:12 |    4369 |       0 |   0.0 |      29 |       0 |   0.0
       D:13 |    2255 |       0 |   0.0 |       3 |       0 |   0.0
     Lair:1 |    1697 |    2411 |  58.7 |       9 |       1 |  10.0
     Lair:2 |    3525 |    3265 |  48.1 |      13 |      19 |  59.4
     Lair:3 |    8192 |     808 |   9.0 |      21 |       1 |   4.5
     Lair:4 |    3208 |    3289 |  50.6 |      20 |      14 |  41.2
   Spider:1 |    1735 |       0 |   0.0 |       4 |       0 |   0.0
   Spider:2 |    1152 |       0 |   0.0 |       3 |       0 |   0.0
      Orc:1 |    2596 |    4068 |  61.0 |      29 |      10 |  25.6
      Orc:2 |    4136 |    5899 |  58.8 |      37 |      23 |  38.3
    Ossuary |       0 |     696 | 100.0 |       0 |      28 | 100.0
            +---------+---------+-------+---------+---------+-------
